[Event "FRA-chT Top 12 2019"]
[Site "Brest"]
[Date "2019.05.28"]
[Round "11.4"]
[White "Marcelin, Cyril"]
[Black "Libiszewski, Fabien"]
[Result "1/2-1/2"]
[ECO "D10"]
[WhiteElo "2451"]
[BlackElo "2511"]
[Annotator "RC"]
[PlyCount "21"]
[EventDate "2019.05.18"]
[EventType "team-tourn"]
[EventCountry "FRA"]
[SourceTitle "playchess.com"]
[Source "ChessBase"]
[SourceQuality "1"]
[TimeControl "40/5400+30:1800+30"]

1. d4 d5 2. c4 c6 3. cxd5 cxd5 4. Nc3 Nf6 5. Nf3 Nc6 6. Bf4 e6 7. Rc1 Bd6 8. Bxd6 Qxd6 9. e3 O-O 10. Bd3 Bd7 11. O-O 1/2-1/2

[Event "FRA-chT Top 12 2019"]
[Site "Brest"]
[Date "2019.05.28"]
[Round "11.6"]
[White "Maze, Sebastien"]
[Black "Burri, Quentin"]
[Result "1-0"]
[ECO "B51"]
[WhiteElo "2579"]
[BlackElo "2425"]
[Annotator "RC"]
[PlyCount "105"]
[EventDate "2019.05.18"]
[EventType "team-tourn"]
[EventCountry "FRA"]
[SourceTitle "playchess.com"]
[Source "ChessBase"]
[SourceQuality "1"]
[TimeControl "40/5400+30:1800+30"]

1. e4 c5 2. Nf3 d6 3. Bb5+ Nd7 4. Ba4 Ngf6 5. O-O a6 6. c4 g6 7. Nc3 Bg7 8. d3 O-O 9. h3 b6 10. Bg5 Bb7 11. Rb1 h6 12. Be3 e6 13. Qd2 Kh7 14. b4 Qc7 15. Rfc1 Rfd8 16. a3 Rac8 17. Rb3 Ba8 18. Rcb1 cxb4 19. Rxb4 d5 20. exd5 exd5 21. Bxd7 Nxd7 22. Nxd5 Bxd5 23. cxd5 Bc3 24. Qa2 Bxb4 25. d6 Bxd6 26. Qxf7+ Kh8 27. Bd4+ Ne5 28. Nxe5 Bxe5 29. Qxc7 Rxc7 30. Bxe5+ Rg7 31. Rxb6 Kh7 32. Bxg7 Kxg7 33. Rxa6 Rxd3 34. h4 h5 35. g3 Rb3 36. Ra7+ Kf6 37. Kg2 Rc3 38. a4 Ra3 39. Ra8 Kf7 40. a5 Kg7 41. a6 Kf7 42. Kf1 Ra2 43. Ke1 Kg7 44. Kd1 Rxf2 45. Kc1 g5 46. Kb1 gxh4 47. a7 hxg3 48. Rg8+ Kxg8 49. a8=Q+ Kg7 50. Qd8 g2 51. Qc7+ Kh8 52. Qc3+ Kh7 53. Qd3+ 1-0